| TOP OF THE 1ST |
|
Delmarva Shorebirds batting - Pitching for Bowling Green Hot Rods : RHP Cheng-ho Hsu
|
|
Pitching: RHP Cheng-ho Hsu
|
|
|
Batting: LHB Pat Shaddock
|
0-0: Ball 1-0: Called Strike 1-1: Swinging Strike 1-2: Strikes out swinging
|
|
Batting: RHB Francisco Viera
|
0-0: Called Strike 0-1: SINGLE (Groundball, 34D, EV 99.4 MPH)
|
|
Batting: LHB Andrew Erens
|
0-0: Ball 1-0: Called Strike 1-1: Called Strike 1-2: Strikes out swinging Francisco Viera is caught stealing 2nd base 2-6 Batter strikes out.
|
| Top of the 1st over - 0 runs, 1 hit, 0 errors, 0 left on base; Delmarva 0 - Bowling Green 0 |
| BOTTOM OF THE 1ST |
|
Bowling Green Hot Rods batting - Pitching for Delmarva Shorebirds : RHP Tim Kull
|
|
Pitching: RHP Tim Kull
|
|
|
Batting: RHB Jonathan Fraire
|
0-0: Called Strike 0-1: Ball 1-1: Ball 2-1: Foul Ball, location: 2F 2-2: Foul Ball, location: 2F 2-2: Ball 3-2: Foul Ball, location: 2F 3-2: Ground out U3 (Groundball, 3S, EV 85.0 MPH)
|
|
Batting: LHB Mario Ocana
|
0-0: Ball 1-0: Ground out 4-3 (Groundball, 34, EV 89.4 MPH)
|
|
Batting: RHB Adam Kaeser
|
0-0: Called Strike 0-1: Swinging Strike 0-2: Ball 1-2: Foul Ball, location: 2F 1-2: Ball 2-2: Strikes out swinging
|
| Bottom of the 1st over - 0 runs, 0 hits, 0 errors, 0 left on base; Delmarva 0 - Bowling Green 0 |
| TOP OF THE 2ND |
|
Delmarva Shorebirds batting - Pitching for Bowling Green Hot Rods : RHP Cheng-ho Hsu
|
|
Batting: RHB Dan Staggs
|
0-0: Called Strike 0-1: Swinging Strike 0-2: Strikes out swinging
|
|
Batting: RHB Willie Manrique
|
0-0: Ball 1-0: Ball 2-0: Ball 3-0: Base on Balls
|
|
Batting: RHB Jordan Wallace
|
0-0: Ball 1-0: Ball Willie Manrique steals 2nd base 2-0: Foul Ball, location: 2F 2-1: Ground out 6-3 (Groundball, 6, EV 101.9 MPH)
|
|
Batting: LHB Momoru Yasui
|
0-0: Ground out 4-3 (Groundball, 4, EV 85.0 MPH)
|
| Top of the 2nd over - 0 runs, 0 hits, 0 errors, 1 left on base; Delmarva 0 - Bowling Green 0 |
| BOTTOM OF THE 2ND |
|
Bowling Green Hot Rods batting - Pitching for Delmarva Shorebirds : RHP Tim Kull
|
|
Batting: LHB Jimmy Detrie
|
0-0: SINGLE (Line Drive, 34, EV 100.6 MPH)
|
|
Batting: RHB Kevin Benfield
|
0-0: Ball 1-0: Ball 2-0: Called Strike 2-1: Ball 3-1: Base on Balls Jimmy Detrie to second
|
|
Batting: SHB Julio Hernandez
|
0-0: Ball 1-0: Ball 2-0: Ball 3-0: Called Strike 3-1: Called Strike 3-2: Foul Ball, location: 2F 3-2: Base on Balls Jimmy Detrie to third Kevin Benfield to second
|
|
Batting: RHB Steve Byerly
|
0-0: Ball 1-0: Ball 2-0: Grounds into double play, 6-4-3 (Groundball, 6S, EV 84.4 MPH) Jimmy Detrie scores Kevin Benfield to third
|
|
Batting: RHB Eric Waugaman
|
0-0: Ball 1-0: Ball 2-0: Ball 3-0: Called Strike 3-1: Foul Ball, location: 2F 3-2: Foul Ball, location: 2F 3-2: Foul Ball, location: 2F 3-2: Strikes out swinging
|
| Bottom of the 2nd over - 1 run, 1 hit, 0 errors, 1 left on base; Delmarva 0 - Bowling Green 1 |
| TOP OF THE 3RD |
|
Delmarva Shorebirds batting - Pitching for Bowling Green Hot Rods : RHP Cheng-ho Hsu
|
|
Batting: RHB Jon Zimmerman
|
0-0: Called Strike 0-1: Ball 1-1: Ball 2-1: Called Strike 2-2: Foul Ball, location: 2F 2-2: Ball 3-2: Base on Balls
|
|
Batting: RHB Julio Ehm
|
0-0: Fielders Choice at 2nd, 5-4 (Groundball, 56S, EV 89.4 MPH)
|
|
Batting: LHB Pat Shaddock
|
0-0: Ball 1-0: 2-RUN HOME RUN (Flyball, 89XD, EV 101.2 MPH), Distance : 394 ft
|
|
Batting: RHB Francisco Viera
|
0-0: Called Strike 0-1: Swinging Strike 0-2: Foul Ball, location: 2F 0-2: Ground out 4-3 (Groundball, 4M, EV 108.1 MPH)
|
|
Batting: LHB Andrew Erens
|
0-0: Fly out, F9 (Flyball, 9, EV 73.8 MPH)
|
| Top of the 3rd over - 2 runs, 1 hit, 0 errors, 0 left on base; Delmarva 2 - Bowling Green 1 |
| BOTTOM OF THE 3RD |
|
Bowling Green Hot Rods batting - Pitching for Delmarva Shorebirds : RHP Tim Kull
|
|
Batting: RHB Evan Chalarian
|
0-0: SOLO HOME RUN (Flyball, 7D, EV 95.0 MPH), Distance : 360 ft
|
|
Batting: RHB Jonathan Fraire
|
0-0: Foul Ball, location: 2F 0-1: Ball 1-1: Foul Ball, location: 2F 1-2: Strikes out looking
|
|
Batting: LHB Mario Ocana
|
0-0: Called Strike 0-1: Ball 1-1: Ball 2-1: Called Strike 2-2: Foul Ball, location: 2F 2-2: Foul Ball, location: 2F 2-2: Fly out, F8 (Flyball, 8RM, EV 79.4 MPH)
|
|
Batting: RHB Adam Kaeser
|
0-0: Called Strike 0-1: Called Strike 0-2: Strikes out swinging
|
| Bottom of the 3rd over - 1 run, 1 hit, 0 errors, 0 left on base; Delmarva 2 - Bowling Green 2 |
| TOP OF THE 4TH |
|
Delmarva Shorebirds batting - Pitching for Bowling Green Hot Rods : RHP Cheng-ho Hsu
|
|
Batting: RHB Dan Staggs
|
0-0: Ball 1-0: Ball 2-0: Ball 3-0: Base on Balls
|
|
Batting: RHB Willie Manrique
|
0-0: Called Strike 0-1: Ball 1-1: Ball 2-1: Foul Ball, location: 2F 2-2: Ball 3-2: Strikes out looking
|
|
Batting: RHB Jordan Wallace
|
0-0: Grounds into double play, 5-4-3 (Groundball, 56S, EV 81.9 MPH)
|
| Top of the 4th over - 0 runs, 0 hits, 0 errors, 0 left on base; Delmarva 2 - Bowling Green 2 |
| BOTTOM OF THE 4TH |
|
Bowling Green Hot Rods batting - Pitching for Delmarva Shorebirds : RHP Tim Kull
|
|
Batting: LHB Jimmy Detrie
|
0-0: Ball 1-0: Ball 2-0: Ball 3-0: Base on Balls
|
|
Batting: RHB Kevin Benfield
|
0-0: Foul Ball, location: 2F 0-1: Ball 1-1: Ball 2-1: Ball Jimmy Detrie steals 2nd base 3-1: Ground out 3-1 (Groundball, 34, EV 76.9 MPH) Jimmy Detrie to third
|
|
Batting: SHB Julio Hernandez
|
0-0: Foul Ball, location: 2F 0-1: Foul Ball, location: 2F 0-2: Ball 1-2: Strikes out swinging
|
|
Batting: RHB Steve Byerly
|
0-0: Ball 1-0: Ball 2-0: Ball 3-0: Called Strike 3-1: Base on Balls
|
|
Batting: RHB Eric Waugaman
|
0-0: Ball 1-0: Ground out 4-3 (Groundball, 4, EV 91.2 MPH)
|
| Bottom of the 4th over - 0 runs, 0 hits, 0 errors, 2 left on base; Delmarva 2 - Bowling Green 2 |
| TOP OF THE 5TH |
|
Delmarva Shorebirds batting - Pitching for Bowling Green Hot Rods : RHP Cheng-ho Hsu
|
|
Batting: LHB Momoru Yasui
|
0-0: Ball 1-0: Ball 2-0: Swinging Strike 2-1: SINGLE (Groundball, 3D, EV 100.6 MPH)
|
|
Batting: RHB Jon Zimmerman
|
0-0: Ball 1-0: Called Strike 1-1: Hit by Pitch Momoru Yasui to second
|
|
Batting: RHB Julio Ehm
|
0-0: Ball 1-0: Called Strike 1-1: Ball 2-1: Swinging Strike 2-2: Ball 3-2: Base on Balls Momoru Yasui to third Jon Zimmerman to second
|
|
Batting: LHB Pat Shaddock
|
0-0: Ball 1-0: Ball 2-0: Ball 3-0: Called Strike 3-1: Base on Balls Momoru Yasui scores Jon Zimmerman to third Julio Ehm to second
|
|
Batting: RHB Francisco Viera
|
0-0: Ball 1-0: Called Strike 1-1: Ball 2-1: Called Strike 2-2: Foul Ball, location: 2F 2-2: Fly out, F9 (Flyball, 89D, EV 100.6 MPH) Runner from 3rd tags up, OUT at HOME! 9-2 Julio Ehm to third Pat Shaddock to second
|
|
Batting: LHB Andrew Erens
|
0-0: Ball 1-0: Ball 2-0: Ball 3-0: Called Strike 3-1: Fly out, F8 (Line Drive, 8LD, EV 93.1 MPH)
|
| Top of the 5th over - 1 run, 1 hit, 0 errors, 2 left on base; Delmarva 3 - Bowling Green 2 |
| BOTTOM OF THE 5TH |
|
Bowling Green Hot Rods batting - Pitching for Delmarva Shorebirds : RHP Tim Kull
|
|
Batting: RHB Evan Chalarian
|
0-0: Swinging Strike 0-1: Swinging Strike 0-2: Ground out 3-1 (Groundball, 34, EV 88.1 MPH)
|
|
Batting: RHB Jonathan Fraire
|
0-0: Ball 1-0: Ball 2-0: Called Strike 2-1: Ball 3-1: Called Strike 3-2: SINGLE (Flyball, 78S, EV 99.4 MPH)
|
|
Pitching: RHP Brian Tarver
|
|
|
Batting: LHB Mario Ocana
|
0-0: Ball 1-0: Swinging Strike 1-1: Called Strike 1-2: Ball 2-2: Strikes out swinging
|
|
Batting: RHB Adam Kaeser
|
0-0: Called Strike Jonathan Fraire steals 2nd base 0-1: Ground out 1-3 (Groundball, 15S, EV 70.6 MPH)
|
| Bottom of the 5th over - 0 runs, 1 hit, 0 errors, 1 left on base; Delmarva 3 - Bowling Green 2 |
| TOP OF THE 6TH |
|
Delmarva Shorebirds batting - Pitching for Bowling Green Hot Rods : RHP Cheng-ho Hsu
|
|
Batting: RHB Dan Staggs
|
0-0: Swinging Strike 0-1: Swinging Strike 0-2: Ball 1-2: Strikes out looking
|
|
Batting: RHB Willie Manrique
|
0-0: Ball 1-0: Swinging Strike 1-1: Swinging Strike 1-2: Ball 2-2: Ball 3-2: Base on Balls
|
|
Batting: RHB Jordan Wallace
|
0-0: Foul Ball, location: 2F 0-1: Foul Ball, location: 2F 0-2: Fly out, F7 (Flyball, 7S, EV 91.2 MPH)
|
|
Batting: LHB Momoru Yasui
|
0-0: Ball 1-0: Swinging Strike 1-1: Called Strike Willie Manrique steals 2nd, throwing error, E2 Willie Manrique to third 1-2: Ball 2-2: Foul Ball, location: 2F 2-2: Foul Ball, location: 2F 2-2: Strikes out swinging
|
| Top of the 6th over - 0 runs, 0 hits, 1 error, 1 left on base; Delmarva 3 - Bowling Green 2 |
| BOTTOM OF THE 6TH |
|
Bowling Green Hot Rods batting - Pitching for Delmarva Shorebirds : RHP Brian Tarver
|
|
Batting: LHB Jimmy Detrie
|
0-0: Ball 1-0: Fly out, F7 (Line Drive, 7, EV 98.1 MPH)
|
|
Batting: RHB Kevin Benfield
|
0-0: Ball 1-0: Ball 2-0: Foul Ball, location: 2F 2-1: Ground out 6-3 (Groundball, 6S, EV 82.5 MPH)
|
|
Batting: SHB Julio Hernandez
|
0-0: Ball 1-0: Foul Ball, location: 2F 1-1: Foul Ball, location: 2F 1-2: Ground out U3 (Groundball, 34, EV 92.5 MPH)
|
| Bottom of the 6th over - 0 runs, 0 hits, 0 errors, 0 left on base; Delmarva 3 - Bowling Green 2 |
| TOP OF THE 7TH |
|
Delmarva Shorebirds batting - Pitching for Bowling Green Hot Rods : RHP Cheng-ho Hsu
|
|
Batting: RHB Jon Zimmerman
|
0-0: Called Strike 0-1: Called Strike 0-2: Strikes out swinging
|
|
Batting: RHB Julio Ehm
|
0-0: Called Strike 0-1: Foul Ball, location: 2F 0-2: Strikes out looking
|
|
Batting: LHB Pat Shaddock
|
0-0: Ball 1-0: Ball 2-0: Foul Ball, location: 2F 2-1: Ball 3-1: Base on Balls
|
|
Pitching: LHP Bennett Mele
|
|
|
Batting: RHB Francisco Viera
|
0-0: Ball 1-0: Fielders Choice at 2nd, 5-4 (Groundball, 56, EV 103.1 MPH)
|
| Top of the 7th over - 0 runs, 0 hits, 0 errors, 1 left on base; Delmarva 3 - Bowling Green 2 |
| BOTTOM OF THE 7TH |
|
Bowling Green Hot Rods batting - Pitching for Delmarva Shorebirds : RHP Brian Tarver
|
|
Batting: RHB Steve Byerly
|
0-0: Ball 1-0: Ground out U3 (Groundball, 3S, EV 86.9 MPH)
|
|
Batting: RHB Eric Waugaman
|
0-0: Ball 1-0: Foul Ball, location: 2F 1-1: Ground out 6-3 (Groundball, 6, EV 90.6 MPH)
|
|
Batting: RHB Evan Chalarian
|
0-0: Called Strike 0-1: Ball 1-1: Swinging Strike 1-2: Hit by Pitch
|
|
Batting: RHB Jonathan Fraire
|
0-0: Called Strike 0-1: Ball 1-1: DOUBLE (Flyball, 8LXD, EV 97.5 MPH) Evan Chalarian to third Runner from 3rd tries for Home, SAFE, throw by CF to home
|
|
Pitching: LHP Eric Bice
|
|
|
Batting: LHB Mario Ocana
|
0-0: Ball 1-0: Ball 2-0: Ground out 6-3 (Groundball, 6M, EV 98.1 MPH)
|
| Bottom of the 7th over - 1 run, 1 hit, 0 errors, 1 left on base; Delmarva 3 - Bowling Green 3 |
| TOP OF THE 8TH |
|
Delmarva Shorebirds batting - Pitching for Bowling Green Hot Rods : LHP Bennett Mele
|
|
Batting: LHB Andrew Erens
|
0-0: Called Strike 0-1: Foul Ball, location: 2F 0-2: Ball 1-2: Ground out 5-3 (Groundball, 56, EV 91.9 MPH)
|
|
Pitching: RHP Nate Russano
|
|
|
Pinch Hitting: SHB Ryan Palermo
|
0-0: Ball 1-0: Called Strike 1-1: Ball 2-1: Fly out, F5 (Popup, 5F, EV 61.2 MPH)
|
|
Batting: RHB Willie Manrique
|
0-0: Ground out 5-3 (Groundball, 56S, EV 94.4 MPH)
|
| Top of the 8th over - 0 runs, 0 hits, 0 errors, 0 left on base; Delmarva 3 - Bowling Green 3 |
| BOTTOM OF THE 8TH |
|
Bowling Green Hot Rods batting - Pitching for Delmarva Shorebirds : LHP Eric Bice
|
|
Now in RF: Michel Kamphuis
|
|
|
Batting: RHB Adam Kaeser
|
0-0: Ball 1-0: DOUBLE (Flyball, 8LXD, EV 100.0 MPH)
|
|
Batting: LHB Jimmy Detrie
|
0-0: Called Strike 0-1: Ball 1-1: Swinging Strike 1-2: Foul Ball, location: 2F 1-2: Strikes out swinging
|
|
Batting: RHB Kevin Benfield
|
0-0: Intentional Walk
|
|
Pinch Runner at 2nd Dermott Kennelly:
|
|
|
Batting: SHB Julio Hernandez
|
0-0: Fielders Choice at 2nd, 6-4 (Groundball, 6, EV 89.4 MPH) Dermott Kennelly to third
|
|
Batting: RHB Steve Byerly
|
0-0: Swinging Strike 0-1: Ball Wild Pitch! Dermott Kennelly scores Julio Hernandez to second 1-1: Ground out 4-3 (Groundball, 4, EV 91.2 MPH)
|
| Bottom of the 8th over - 1 run, 1 hit, 0 errors, 1 left on base; Delmarva 3 - Bowling Green 4 |
| TOP OF THE 9TH |
|
Delmarva Shorebirds batting - Pitching for Bowling Green Hot Rods : RHP Nate Russano
|
|
Pitching: RHP Al Speer
|
|
|
Batting: RHB Jordan Wallace
|
0-0: Ball 1-0: Ball 2-0: Ball 3-0: Base on Balls
|
|
Batting: LHB Momoru Yasui
|
0-0: Ball 1-0: Ball 2-0: Sac Bunt to P - play at first, batter OUT! 1-4 Jordan Wallace to second
|
|
Batting: RHB Jon Zimmerman
|
0-0: Ball 1-0: Called Strike 1-1: Foul Ball, location: 2F 1-2: Strikes out swinging
|
|
Pinch Hitting: RHB Alex Jacobo
|
0-0: Called Strike 0-1: Ball Wild Pitch! Jordan Wallace to third 1-1: Swinging Strike 1-2: Fly out, F8 (Flyball, 8RD, EV 95.6 MPH)
|
| Top of the 9th over - 0 runs, 0 hits, 0 errors, 1 left on base; Delmarva 3 - Bowling Green 4 |
|